 Dungeon Crawl Stone Soup version 0.30.1-3-gfc49f6343a (webtiles) character file.

Game seed: 12795150183082199975

3586604 Teneria the Conqueror (level 27, 232/273 HPs)
             Began as a Minotaur Berserker on July 29, 2023.
             Was a High Priest of Trog.
             Escaped with the Orb
             ... and 5 runes on Aug 6, 2023!
             The game lasted 04:15:48 (60339 turns).

Teneria the Conqueror (Minotaur Berserker)         Turns: 60339, Time: 04:15:49

Health: 232/273    AC: 46    Str: 37    XL:     27
Magic:  22/22      EV: 20    Int:  5    God:    Trog [*****.]
Gold:   5075       SH: 25    Dex: 18    Spells: 26/26 levels left

rFire   + + .        T - +9 broad axe (spect)
rCold   + . .        v - +0 tower shield
rNeg    . . .        b - +4 gold dragon scales
rPois   +            U - +3 crown of Dyrovepreva {rElec Int+2 SInv}
rElec   +            k - +2 cloak {Stlth+}
rCorr   .            r - +2 pair of gloves {Stlth+}
SInv    +            L - +2 pair of boots {Stlth+}
Will    ++++.        i - amulet "Dyguw" {Acrobat Regen+} Stlth
                     M - ring "Upiliq" {Will++ SInv}
HPRegen 1.45/turn    F - ring of Uwisodoa {rPois rF++ Str+4 Int+2 Dex+2}
MPRegen 0.18/turn

%: acrobat
@: studying 2 skills
A: horns 2, retaliatory headbutt, agile 1, dopey 1, screaming 1, no potion heal
1, heat vulnerability 1, subdued magic 1, inability to drink after injury 1,
devolution 1
0: Orb of Zot
}: 5/15 runes: decaying, serpentine, slimy, silver, abyssal
a: Renounce Religion, Berserk, Trog's Hand, Brothers in Arms


You escaped.
You worshipped Trog.
Trog was extremely pleased with you.
You visited 10 branches of the dungeon, and saw 52 of its levels.
You visited the Abyss 1 time.
You visited 2 bazaars.
You also visited: Bailey, Ice Cave and Wizlab.

You collected 9657 gold pieces.
You spent 4582 gold pieces at shops.

Inventory:

Hand Weapons
 T - a +9 spectral broad axe (weapon)
Missiles
 m - 5 throwing nets (quivered)
Armour
 b - +4 gold dragon scales (worn)
 k - a +2 cloak of stealth (worn)
 r - a +2 pair of gloves of stealth (worn)
 v - a +0 tower shield (worn)
 L - a +2 pair of boots of stealth (worn)
 R - the +18 shield of the Gong {Loud rN+ Will+ rCorr EV-5}
   (You found it on level 5 of the Pits of Slime)

   Loud:      It is deafeningly noisy when blocking attacks.
   EV:        It affects your evasion (-5).
   rN:        It protects you from negative energy.
   rCorr:     It protects you from acid and corrosion.
   Will:      It increases your willpower.
 U - the +3 crown of Dyrovepreva (worn) {rElec Int+2 SInv}
   (You bought it in a shop on level 3 of the Vaults)

   Int:       It affects your intelligence (+2).
   rElec:     It insulates you from electricity.
   SInv:      It lets you see invisible.
Jewellery
 a - the amulet "Attyfoaf" {Reflect rC+ SH+5}
   (You found it on level 2 of the Depths)

   [amulet of reflection]

   It reflects blocked missile attacks.
   rC:        It protects you from cold.
   SH:        It affects your SH (+5).
 e - the ring of Lykaics {rN++ EV+5 Slay+3}
   (You bought it in a shop on level 3 of the Elven Halls)

   [ring of evasion]

   EV:        It affects your evasion (+5).
   Slay:      It affects your accuracy & damage with ranged weapons and melee
   (+3).
   rN:        It greatly protects you from negative energy.
 i - the amulet "Dyguw" (around neck) {Acrobat Regen+}
   (You found it on level 5 of the Lair of Beasts)

   [amulet of the acrobat]

   It increases your evasion while moving and waiting.
   Regen:     It increases your rate of health regeneration.
 o - the ring of the Bouncing Ghosts {rPois rF+ rC++ MP+9 Int+3}
   (You bought it in a shop on level 1 of the Orcish Mines)

   [ring of protection from fire]

   Int:       It affects your intelligence (+3).
   rF:        It protects you from fire.
   rC:        It greatly protects you from cold.
   rPois:     It protects you from poison.
   MP:        It affects your magic capacity (+9).
 E - the ring of Kaarimal {rElec rPois rC+}
   (You bought it in a shop on level 3 of the Vaults)

   [ring of protection from cold]

   rC:        It protects you from cold.
   rElec:     It insulates you from electricity.
   rPois:     It protects you from poison.
 F - the ring of Uwisodoa (right hand) {rPois rF++ Str+4 Int+2 Dex+2}
   (You found it on level 1 of the Abyss)

   [ring of poison resistance]

   Str:       It affects your strength (+4).
   Int:       It affects your intelligence (+2).
   Dex:       It affects your dexterity (+2).
   rF:        It greatly protects you from fire.
   rPois:     It protects you from poison.
 I - a +6 ring of strength
 M - the ring "Upiliq" (left hand) {Will++ SInv}
   (You bought it in a shop on level 3 of the Elven Halls)

   [ring of see invisible]

   SInv:      It lets you see invisible.
   Will:      It greatly increases your willpower.
 X - the dreamshard necklace {*Dream Drain}
   (You took it off a deep elf death mage on level 3 of the Elven Halls)

   [amulet of nothing]

   *Dream:    It shatters if its wearer takes lethal or near-lethal damage,
   preventing the blow and releasing protective dreams that heal and fight for
   the wearer.
   Drain:     It drains your maximum health when unequipped.
 Y - a ring of resist corrosion
 Z - the amulet "Anumue Heumy" {Spirit rCorr MP-9 Int+2}
   (You found it on level 3 of the Elven Halls)

   [amulet of guardian spirit]

   It causes incoming damage to be divided between your reserves of health and
   magic.
   Int:       It affects your intelligence (+2).
   MP:        It affects your magic capacity (-9).
   rCorr:     It protects you from acid and corrosion.
Wands
 f - a wand of mindburst (66)
 g - a wand of digging (37)
 l - a wand of polymorph (15)
 p - a wand of charming (72)
 s - a wand of light (41)
 D - a wand of flame (164)
 K - a wand of iceblast (61)
Scrolls
 d - 20 scrolls of teleportation
 u - 5 scrolls of fog
 w - 3 scrolls of silence
 y - 6 scrolls of fear
 B - 33 scrolls of identify
 G - 7 scrolls of butterflies
 O - 6 scrolls of poison
 V - 5 scrolls of enchant weapon
 W - 9 scrolls of magic mapping
Potions
 c - a potion of mutation
 j - 3 potions of berserk rage
 n - 6 potions of heal wounds
 q - 3 potions of cancellation
 t - 5 potions of ambrosia
 x - a potion of invisibility
 z - 25 potions of curing
 A - 8 potions of might
 C - 15 potions of flight
 J - 2 potions of haste
 P - 5 potions of resistance
 Q - 9 potions of magic
Miscellaneous
 H - a lightning rod (4/4)
 N - a phantom mirror
 S - a condenser vane


   Skills:
 O Level 27 Fighting
 + Level 24.8(24.9) Axes
 - Level 2.1(16.6) Polearms
 O Level 27 Armour
 + Level 22.1 Dodging
 - Level 25.0 Shields
 + Level 21.5 Evocations


You had 26 spell levels left.
You didn't know any spells.
Your spell library was empty.

Dungeon Overview and Level Annotations

Branches:
Dungeon (15/15)            Temple (0/1) D:6            Lair (5/5) D:11
  Swamp (4/4) Lair:3        Snake (4/4) Lair:2        Slime (5/5) Lair:4
    Orc (2/2) D:9             Elf (3/3) Orc:2        Vaults (5/5) D:13
  Crypt (0/3) Vaults:2     Depths (4/4) D:15            Zot (5/5) Depths:4
 Bailey (visited)           IceCv (visited)          WizLab (visited)

Altars:
Ashenzari
Cheibriados
Dithmenos
Fedhas
Hepliaklqana
Kikubaaqudgha
Sif Muna
Uskayaw
Vehumet
Xom
Yredelemnul
Zin
The Shining One
Jiyva
Lugonu

Shops:
D:10 :!   Orc:1 [=(:(   Orc:2 (!:[   Elf:3 :==   Snake:1 =   Vaults:1 [
Vaults:3 ([[=   Vaults:5 ==   Depths:2 ?*!

Portals:
Hell: Depths:1 Depths:2 Depths:3 Depths:4
Abyss: Depths:1 Depths:3
Pandemonium: Depths:1 Depths:2
Ziggurat: Depths:4
Trove: D:12 (give +3 gold dragon scales)

Annotations:
Lair:1 exclusion: oklob plant
Depths:1 4 transporters
Depths:2 exclusion: 2 ice statues


Innate Abilities, Weirdness & Mutations

You have a pair of horns on your head.
You reflexively headbutt those who attack you in melee.
You are agile. (Dex +4, Str/Int -1)
You are dopey. (Int -2)
You occasionally shout uncontrollably at your foes.
Potions are less effective at restoring your health.
You are vulnerable to heat. (rF-)
Your spells are a little easier to cast, but a little less powerful.
You occasionally lose the ability to drink potions when taking damage.
You have hidden genetic defects.


Message History

Trog accepts your kill.
Your +9 spectral broad axe hits the sun demon!
Your +9 spectral broad axe hits the sun demon but does no damage.
Your skin stops crawling.
You feel less strong-willed.
You slash the sun demon!
You kill the sun demon!
Trog accepts your kill.
Your +9 spectral broad axe disappears.
You block the sun demon's attack. x2
There is an open door here.
You slash the sun demon!
The sun demon is moderately wounded.
Your +9 spectral broad axe closely misses the sun demon.
You block the sun demon's attack.
You barely miss the sun demon.
The sun demon is moderately wounded.
You slice the sun demon!!
Your +9 spectral broad axe hits the sun demon.
Your +9 spectral broad axe hits the sun demon!!!
You kill the sun demon!
Trog accepts your kill.
Your +9 spectral broad axe hits the sun demon!
The sun demon hits your +9 spectral broad axe!!
Your spectral weapon shares its damage with you!
Your +9 spectral broad axe is engulfed in flames!
Your +9 spectral broad axe resists.
Your spectral weapon shares its damage with you!
Your +9 spectral broad axe disappears.
You slice the sun demon!! You headbutt the sun demon.
The sun demon is almost dead.
Your +9 spectral broad axe hits the sun demon!!!
You kill the sun demon!
Trog accepts your kill.
Your +9 spectral broad axe disappears.
You slice the sun demon!! You headbutt the sun demon.
You kill the sun demon!
Trog accepts your kill.
There is an open gate here.
There is a staircase leading out of the dungeon here.
You have escaped!

######### #..♣♣ #
#...♣♣ # #....♣ #
##....♣♣ ##......♣
##.......♣
###8..8..8.♣
##.'........♣♣
##..'......@..♣
#####...'........♣♣
##.....###8..8..8.♣
#.###.## ##......♣♣
.## ##.## ##.....♣
#######.#####...♣♣
...........##...♣
#######.##.##...♣
.## ##.###.##...♣


There were no monsters in sight!

Vanquished Creatures
  Dissolution (Slime:4)
  A pandemonium lord (Zot:1)
  the Royal Jelly (Slime:5)
  6 dread liches
  6 ancient liches
  9 orbs of fire
  A juggernaut (Depths:4)
  Sojobo (Vaults:3)
  Frederick (Vaults:4)
  Bai Suzhen (Snake:3)
  Margery (Vaults:3)
  4 Killer Klowns
  5 curse toes
  Vashnia (Snake:3)
  The ghost of TuffENuff the End of an Era, a veteran FoFi of Qazlal (Vaults:2)
  7 golden dragons
  Jory (Depths:3)
  2 profane servitors (Abyss:3)
  4 bone dragons
  2 doom hounds (Zot:1)
  2 hellephants
  A Tzitzimitl (Zot:5)
  2 Ice Fiends
  6 electric golems
  Mlioglotl (Snake:3)
  16 tentacled monstrosities
  27 Orb Guardians
  5 liches
  2 deep elf master archers (Elf:3)
  Grunn (Zot:1)
  3 titans
  3 deep elf blademasters
  14 acid blobs
  Asterion (Vaults:3)
  7 quicksilver dragons
  10 death cobs
  4 Executioners
  Frances (Snake:1)
  Kirke (Snake:1)
  8 tentacled starspawn
  7 sphinxes
  3 thorn hunters
  13 shadow dragons
  2 daevas
  15 storm dragons
  3 revenants
  A fenstrider witch (Swamp:2)
  7 draconian monks
  13 draconian knights
  9 tengu reavers
  Donald (Snake:4)
  11 azure jellies
  7 nagarajas
  7 rockslimes
  8 fire giants
  A ghost moth (Zot:3)
  8 deep elf sorcerers
  13 frost giants
  Louise (Snake:1)
  20 vault wardens
  Aizul (Snake:2)
  2 ghouls (Swamp:2)
  2 balrugs
  5 draconian scorchers
  2 iron dragons (Zot:3)
  11 draconian shifters
  2 spectral caustic shrikes (Depths:3)
  A curse skull (Vaults:2)
  7 draconian annihilators
  2 deep elf elementalists (Elf:3)
  7 draconian stormcallers
  10 very ugly things
  A cacodemon (Abyss:3)
  22 ironbound preservers
  4 war gargoyles
  2 reapers (Abyss:3)
  7 ironbound thunderhulks
  22 stone giants
  A juggernaut skeleton (Depths:3)
  14 black draconians
  11 quicksilver oozes
  15 green draconians
  13 white draconians
  9 deep elf demonologists
  10 dire elephants
  3 lorocyprocas
  8 deep elf annihilators
  12 yellow draconians
  6 eleionomae
  The ghost of YordlordTheGreat the Severer, a journeyman MiMo of Qazlal (Orc:1)
  7 purple draconians
  5 bunyips
  15 red draconians
  4 spark wasps (Depths:4)
  3 blizzard demons
  2 eidola
  2 orange crystal statues
  11 deep elf death magi
  The ghost of aeroqp the Geomancer, a journeyman FoEE of Ashenzari (Lair:1)
  A crystal guardian (Vaults:3)
  13 ettins
  11 great orbs of eyes
  4 jiangshi
  A spectral golden dragon (Depths:3)
  20 yaktaur captains
  An ettin (shapeshifter) (Vaults:5)
  3 shambling mangroves
  5 fire dragons
  An entropy weaver (Vaults:1)
  5 deep elf high priests
  14 ice dragons
  2 caustic shrike simulacra (Depths:3)
  2 salamander tyrants (Snake:4)
  19 hydras
  Erolcha (Orc:1)
  A spectral tengu (Depths:3)
  2 ogre magi (Orc:2)
  5 hell beasts
  31 vault guards
  A spriggan zombie (Abyss:1)
  2 juggernaut simulacra (Depths:3)
  A boulder beetle (shapeshifter) (Abyss:1)
  3 spriggan air magi
  A peacekeeper (Vaults:3)
  14 centaur warriors
  7 rakshasas
  9 alligators
  11 two-headed ogres
  10 ironbound frosthearts
  A spectral fire giant (Depths:3)
  7 anacondas
  A satyr (Abyss:3)
  30 dancing weapons
  An anaconda (shapeshifter) (Vaults:5)
  2 catoblepae
  3 boulder beetles
  A ghost crab (Swamp:4)
  7 hell hogs (Abyss:3)
  The ghost of opiumtea the Fighter, a novice FoVM of Okawaru (D:9)
  18 death yaks
  2 spriggan skeletons
  7 tengu warriors
  9 deep troll shamans
  5 deep troll earth magi
  21 naga sharpshooters
  15 naga warriors
  3 shock serpents
  5 spriggan berserkers
  7 thrashing horrors
  18 deep elf knights
  7 vampire magi
  A titan zombie (Depths:3)
  31 large abominations
  6 sun demons
  20 hell knights
  4 shadow wraiths
  2 salamander mystics (Snake:4)
  A titan skeleton (Depths:3)
  11 wretched stars
  7 sixfirhies
  A spectral death yak (Lair:5)
  A spatial maelstrom (Abyss:1)
  12 iron trolls
  2 sea snakes (shapeshifter)
  A skeletal warrior (D:15)
  2 death drakes
  6 flayed ghosts
  An obsidian statue (Lair:5)
  3 bog bodies
  65 deep trolls
  5 naga ritualists
  9 goliath frogs
  12 deep elf archers
  A spectral anaconda (Lair:5)
  6 sea snakes
  12 swamp dragons
  5 glowing orange brains
  5 harpies (Vaults:1)
  A shadow demon (Depths:1)
  5 spriggan druids
  15 necromancers
  5 lindwurms
  A tengu zombie (D:15)
  6 phantasmal warriors
  19 ironbound convokers
  A golden dragon skeleton (Depths:3)
  10 wizards
  33 deep elf pyromancers
  8 mana vipers
  3 shining eyes
  17 ugly things
  A frost giant zombie (D:15)
  An iron dragon zombie (D:15)
  4 orc knights
  3 cyclopes
  A mana viper (shapeshifter) (Vaults:5)
  A fire giant zombie (Depths:3)
  30 deep elf zephyrmancers
  2 orc sorcerers
  36 moths of wrath
  A will-o-the-wisp (Swamp:4)
  9 salamanders
  2 shadow dragon skeletons
  A fire giant skeleton (Depths:3)
  8 worldbinders (Abyss:3)
  24 elephants
  3 manticores
  3 ice statues
  A water nymph (Abyss:3)
  20 vault sentinels
  2 apocalypse crabs (Abyss:3)
  16 naga magi
  3 demonic crawlers
  3 rust devils
  30 black mambas
  3 guardian serpents
  A dire elephant zombie (Lair:5)
  2 eyes of devastation
  3 orange demons
  9 smoke demons
  2 gargoyles (D:13)
  2 torpor snails
  2 dire elephant skeletons
  2 hellions
  3 unseen horrors
  2 unseen horrors (shapeshifter)
  11 cane toads
  3 kobold demonologists
  8 rime drakes
  A yaktaur (shapeshifter) (Vaults:2)
  3 efreet
  24 yaktaurs
  6 freezing wraiths
  10 komodo dragons
  2 ice devils
  A guardian mummy (D:15)
  5 tengu conjurers
  4 tormentors
  A tyrant leech (shapeshifter) (Vaults:5)
  3 red devils (Depths:1)
  A silent spectre (Abyss:3)
  7 polar bears
  4 ancient zymes
  10 trolls
  2 bloated husks
  A golden dragon simulacrum (Depths:3)
  A hellwing (Zot:1)
  9 hornets
  Grinder (D:3)
  9 tyrant leeches
  A harpy skeleton (Abyss:1)
  8 raiju
  20 blink frogs
  A dream sheep (shapeshifter) (Depths:3)
  A jumping spider (shapeshifter) (D:14)
  A spectral elephant (Lair:5)
  2 snapping turtles (shapeshifter) (Abyss:1)
  2 shadows
  A centaur simulacrum (D:14)
  66 slime creatures
  9 air elementals
  A flying skull (Depths:3)
  2 vampires (D:10)
  10 spriggans
  8 water elementals
  4 chaos spawn
  A fire elemental (Elf:1)
  2 wyverns
  10 ynoxinuls
  A hog (Snake:1)
  52 yaks
  4 basilisks
  A fire bat (Abyss:3)
  A steam dragon (Lair:3)
  11 golden eyes
  A human (shapeshifter) (Vaults:5)
  20 vampire mosquitoes
  4 wargs
  4 neqoxecs
  Menkaure (D:5)
  51 nagas
  2 spatial vortices (Abyss:1)
  2 spectral cane toads (Lair:5)
  20 swamp worms
  3 hell hounds (Abyss:3)
  13 water moccasins
  5 acid dragons
  3 floating eyes
  11 swamp drakes
  15 orc warriors
  13 small abominations
  3 ice beasts
  An ettin simulacrum (Abyss:1)
  4 black bears
  18 wolves
  An elephant skeleton (Lair:5)
  20 ogres
  7 centaurs
  2 phantoms
  4 kobold brigands
  11 bullfrogs
  2 scorpions
  2 earth elementals
  8 gnoll sergeants
  A cane toad simulacrum (Lair:5)
  9 wights
  An elephant simulacrum (Lair:5)
  18 killer bees
  4 howler monkeys
  14 electric eels
  2 quasits
  2 hounds (Bailey)
  3 jellies
  8 gnoll boudas
  13 orc priests
  24 starcursed masses
  Crazy Yiuf (D:2)
  2 iron imps
  2 sleepcaps (D:6)
  Ijyb (D:5)
  3 iguanas
  25 orc wizards
  17 gnolls
  8 adders
  16 white imps
  3 ufetubi
  A dart slug (D:2)
  3 worms
  95 orcs
  5 endoplasms
  6 giant cockroaches
  A goblin (shapeshifter) (Vaults:5)
  3 hobgoblins
  4 jackals (D:5)
  24 kobolds
  4 quokkas
  7 ball pythons
  6 bats
  3 frilled lizards
  15 goblins
  5 rats
  3 lurking horrors
  2 spectral weapons
  8 starspawn tentacles
2518 creatures vanquished.

Vanquished Creatures (collateral kills)
  Mara (Elf:3)
  A golden dragon (Depths:4)
  Nikola (Snake:4)
  A pandemonium lord (D:4)
  A deep elf blademaster (Elf:3)
  A daeva (Abyss:3)
  A deep elf sorcerer (Elf:3)
  A draconian annihilator (Zot:2)
  A white draconian (Zot:2)
  A red draconian (Zot:2)
  An ettin (Vaults:5)
  A hydra (Swamp:4)
  2 vault guards (Vaults:5)
  A dancing weapon (Elf:3)
  A vampire mage (Abyss:3)
  A hell knight (Depths:4)
  An iron troll (Depths:4)
  4 skeletal warriors (D:11)
  A deep troll (Depths:4)
  A moth of wrath (Zot:4)
  A komodo dragon (D:11)
  An ice devil (D:4)
  An acid dragon (D:11)
  A swamp drake (Swamp:4)
  2 electric eels (D:11)
  An iron imp (Abyss:3)
31 creatures vanquished.

Vanquished Creatures (others)
  A dread lich (Vaults:5)
  A shadow dragon (Zot:4)
  A nagaraja (Snake:4)
  2 draconian knights
  A draconian scorcher (Zot:1)
  A deep elf elementalist (Elf:3)
  A red draconian (Zot:2)
  A vault guard (Vaults:5)
  A deep elf knight (Elf:1)
  A goliath frog (Swamp:1)
  A deep troll (Vaults:5)
  A naga ritualist (Snake:4)
  A deep elf zephyrmancer (Elf:1)
  A black mamba (Snake:4)
  A naga mage (Snake:4)
  4 bloated husks (Swamp:1)
  A flying skull (Depths:3)
  A human (Snake:1)
  A swamp drake (Swamp:4)
  A quasit (Abyss:3)
  An iron imp (Zot:1)
  18 foxfires (Swamp:4)
  175 spectral weapons
  9 starspawn tentacles
227 creatures vanquished.

Grand Total: 2776 creatures vanquished

Notes
Turn   | Place    | Note
-------+----------+-------------------------------------------
     0 | D:1      | Teneria the Minotaur Berserker began the quest for the Orb.
     0 | D:1      | Reached XP level 1. HP: 19/19 MP: 0/0
   136 | D:1      | Reached XP level 2. HP: 26/27 MP: 1/1
   702 | D:1      | Found a faded altar of an unknown god.
   807 | D:1      | Reached ** piety under Trog
   833 | D:1      | Reached XP level 3. HP: 33/33 MP: 2/2
  1309 | D:2      | Found a runed translucent door.
  1310 | D:2      | Noticed Crazy Yiuf
  1318 | D:2      | Killed Crazy Yiuf
  1319 | D:2      | Reached XP level 4. HP: 40/40 MP: 3/3
  1434 | D:2      | Reached skill level 5 in Axes
  1861 | D:3      | Identified the +0 robe of the Ten Knives {Rampage rElec}
  2086 | D:3      | Noticed Grinder
  2091 | D:3      | Killed Grinder
  2092 | D:3      | Reached XP level 5. HP: 47/47 MP: 4/4
  2092 | D:3      | Reached XP level 6. HP: 55/55 MP: 5/5
  2439 | D:3      | Found a glowing silver altar of Zin.
  2439 | D:3      | Found a radiant altar of Vehumet.
  2635 | D:4      | Reached skill level 5 in Fighting
  3199 | D:4      | Reached XP level 7. HP: 56/61 MP: 6/6
  3387 | D:5      | Entered Level 5 of the Dungeon
  3432 | D:5      | Reached skill level 5 in Armour
  3800 | D:5      | Noticed Menkaure
  3810 | D:5      | Killed Menkaure
  3887 | D:5      | Found a shadowy altar of Dithmenos.
  4123 | D:5      | Noticed Ijyb
  4127 | D:5      | Killed Ijyb
  4127 | D:5      | Reached *** piety under Trog
  4542 | D:6      | Reached skill level 5 in Dodging
  4542 | D:6      | Reached XP level 8. HP: 70/70 MP: 7/7
  4982 | D:6      | Found a staircase to the Ecumenical Temple.
  5381 | D:7      | Reached XP level 9. HP: 79/79 MP: 8/8
  5430 | D:7      | Found a shimmering blue altar of Sif Muna.
  5446 | D:7      | Reached skill level 10 in Axes
  5604 | D:7      | Found a flagged portal.
  5621 | D:7      | Reached **** piety under Trog
  5624 | Bailey   | Entered a bailey
  6798 | D:7      | Found a hazy altar of Hepliaklqana.
  6799 | D:7      | Found a hide-covered altar of Uskayaw.
  7226 | D:8      | Reached XP level 10. HP: 90/90 MP: 9/9
  7901 | D:9      | Found a staircase to the Orcish Mines.
  8080 | D:9      | Noticed a two-headed ogre
  8085 | D:9      | Killed a two-headed ogre
  8149 | D:9      | Identified the +0 ring mail of Giups {rC++}
  8342 | D:9      | Found a runed translucent gate.
  8342 | D:9      | Found a runed translucent gate.
  8343 | D:9      | Found a runed translucent gate.
  8352 | D:9      | Noticed opiumtea's ghost (novice FoVM)
  8406 | D:9      | Identified the +2 robe of Curu Ali {Harm Will- Stlth+
                  | Archmagi}
  9180 | D:9      | Noticed a manticore
  9511 | D:9      | Killed a manticore
  9756 | D:9      | Identified a scroll of acquirement
  9792 | D:10     | Entered Level 10 of the Dungeon
  9944 | D:10     | Found Lanugeen's Distillery.
  9968 | D:10     | Reached skill level 1 in Evocations
 10019 | D:10     | Reached ***** piety under Trog
 10132 | D:10     | Reached XP level 11. HP: 46/99 MP: 10/10
 10386 | D:10     | Found Eheme's Vocational Training.
 11231 | D:11     | Reached skill level 1 in Shields
 11557 | D:11     | Reached skill level 10 in Fighting
 11812 | D:11     | Noticed a skeletal warrior
 11841 | D:11     | Noticed a skeletal warrior
 11841 | D:11     | Noticed a skeletal warrior
 11854 | D:11     | Killed a skeletal warrior
 11859 | D:11     | Killed a skeletal warrior
 11863 | D:11     | Killed a skeletal warrior
 11872 | D:11     | Noticed a skeletal warrior
 11876 | D:11     | Killed a skeletal warrior
 11877 | D:11     | Reached skill level 10 in Armour
 11910 | D:11     | Noticed a white ugly thing
 11959 | D:11     | Killed a white ugly thing
 12501 | D:11     | Found a staircase to the Lair.
 13091 | Lair:1   | Entered Level 1 of the Lair of Beasts
 13098 | Lair:1   | Reached skill level 5 in Shields
 13173 | Lair:1   | Noticed aeroqp's ghost (journeyman FoEE)
 13175 | Lair:1   | Found a runed translucent gate.
 13175 | Lair:1   | Found a runed translucent gate.
 13178 | Lair:1   | Found a runed translucent gate.
 13346 | Lair:1   | Noticed an oklob plant
 13576 | Lair:1   | Reached XP level 12. HP: 95/108 MP: 11/11
 14529 | Lair:1   | Killed aeroqp's ghost
 15009 | Lair:2   | Found a staircase to the Snake Pit.
 15263 | Lair:2   | Reached skill level 10 in Shields
 15645 | Lair:2   | Received a gift from Trog
 15975 | Lair:3   | Found a staircase to the Swamp.
 16165 | Lair:3   | Reached XP level 13. HP: 100/119 MP: 12/12
 16812 | Lair:3   | Acquired a manual of Shields
 16913 | Lair:4   | Found a frozen archway.
 16924 | IceCv    | Entered an ice cave
 17385 | IceCv    | Noticed a frost giant
 17400 | IceCv    | Reached skill level 15 in Shields
 17404 | IceCv    | Killed a frost giant
 17979 | Lair:4   | Found a viscous altar of Jiyva.
 17979 | Lair:4   | Found a staircase to the Slime Pits.
 18513 | Lair:5   | Entered Level 5 of the Lair of Beasts
 18619 | Lair:5   | Reached XP level 14. HP: 131/132 MP: 13/13
 18627 | Lair:5   | Identified the +6 falchion of the Vine {vamp, rN+}
 18674 | Lair:5   | Identified the +10 bardiche of Siuts {heavy, rPois Stlth+}
                  | (Trog gifted it to you on level 5 of the Lair of Beasts)
 18674 | Lair:5   | Received a gift from Trog
 18707 | Lair:5   | Reached skill level 15 in Axes
 19539 | Lair:5   | Reached skill level 15 in Fighting
 19605 | Lair:5   | Reached skill level 15 in Armour
 19624 | Lair:5   | Identified the +7 plate armour "Ybbavoereo" {Int+6}
 20075 | Lair:5   | Identified the amulet "Dyguw" {Acrobat Regen+}
 20529 | D:9      | Received a gift from Trog
 20532 | D:9      | Killed opiumtea's ghost
 20614 | Orc:1    | Entered Level 1 of the Orcish Mines
 20614 | Orc:1    | Found Doac's Jewellery Boutique.
 20622 | Orc:1    | Bought the ring of the Bouncing Ghosts {rPois rF+ rC++ MP+9
                  | Int+3} for 1104 gold pieces
 20750 | Orc:1    | Found Tuottye's Weapon Emporium.
 20764 | Orc:1    | Found Mofiyrgh's Antique Armour Emporium.
 20830 | Orc:1    | Found Vuggui Jupt's Book Shop.
 20900 | Orc:1    | Noticed Erolcha
 20907 | Orc:1    | Found a large runed translucent door.
 20908 | Orc:1    | Found a large runed translucent door.
 20912 | Orc:1    | Killed Erolcha
 20913 | Orc:1    | Reached skill level 1 in Polearms
 21043 | Orc:1    | Noticed YordlordTheGreat's ghost (journeyman MiMo)
 21055 | Orc:1    | Killed YordlordTheGreat's ghost
 21116 | Orc:2    | Entered Level 2 of the Orcish Mines
 21247 | Orc:2    | Found Pebisal's Antique Armour Boutique.
 21247 | Orc:2    | Found Awyl's Book Emporium.
 21251 | Orc:2    | Reached XP level 15. HP: 129/143 MP: 14/14
 21253 | Orc:2    | Reached ****** piety under Trog
 21256 | Orc:2    | Received a gift from Trog
 21303 | Orc:2    | Found Oheo's Distillery.
 21307 | Orc:2    | Found Houpp's Weapon Emporium.
 21366 | Orc:2    | Found a staircase to the Elven Halls.
 21636 | Orc:1    | Found Lobbem's Weapon Shop.
 22199 | D:12     | Found a portal to a secret trove of treasure.
 22480 | D:13     | Found a gate to the Vaults.
 22485 | D:13     | Reached skill level 10 in Dodging
 23244 | D:14     | Identified the +1 war axe of Adinn {freeze, rC+ rCorr
                  | Str+2}
 23316 | D:14     | Found a glowing golden altar of the Shining One.
 23375 | D:14     | Received a gift from Trog
 23428 | D:14     | Found a snail-covered altar of Cheibriados.
 23926 | D:15     | Entered Level 15 of the Dungeon
 24040 | D:15     | Found a staircase to the Depths.
 24596 | D:15     | Found a shimmering altar of Xom.
 24598 | D:15     | Found a radiant altar of Vehumet.
 24598 | D:15     | Found a basalt altar of Yredelemnul.
 24600 | D:15     | Found a broken altar of Ashenzari.
 24600 | D:15     | Found a broken altar of Ashenzari.
 24600 | D:15     | Found a glowing silver altar of Zin.
 24715 | Depths:1 | Entered Level 1 of the Depths
 24715 | Depths:1 | Noticed a tengu reaver
 25100 | Swamp:1  | Entered Level 1 of the Swamp
 25272 | Swamp:1  | Received a gift from Trog
 25463 | Swamp:1  | Reached XP level 16. HP: 151/155 MP: 15/15
 26709 | Swamp:3  | Received a gift from Trog
 27085 | Swamp:4  | Entered Level 4 of the Swamp
 27528 | Swamp:4  | Reached XP level 17. HP: 130/166 MP: 16/16
 27656 | Swamp:4  | Received a gift from Trog
 27927 | Swamp:4  | Got a decaying rune of Zot
 28250 | Snake:1  | Entered Level 1 of the Snake Pit
 28285 | Snake:1  | Noticed Kirke
 28294 | Snake:1  | Killed Kirke
 28386 | Snake:1  | Noticed Frances
 28393 | Snake:1  | Killed Frances
 28548 | Snake:1  | Noticed Louise
 28575 | Snake:1  | Killed Louise
 28656 | Snake:1  | Found Vydaus's One-of-a-Kind Rings.
 28713 | Snake:1  | Identified the +0 ring mail "Wuimmyell" {Will+ rCorr SInv}
 29534 | Snake:3  | Noticed Aizul
 29535 | Snake:3  | Noticed Vashnia
 29547 | Snake:3  | Reached skill level 5 in Evocations
 29573 | Snake:2  | Killed Aizul
 29659 | Snake:3  | Killed Vashnia
 29659 | Snake:3  | Received a gift from Trog
 29964 | Snake:3  | Noticed Bai Suzhen
 29974 | Snake:3  | Killed Bai Suzhen
 30098 | Snake:3  | Noticed Mlioglotl
 30116 | Snake:3  | Killed Mlioglotl
 30391 | Snake:4  | Entered Level 4 of the Snake Pit
 30403 | Snake:4  | Reached XP level 18. HP: 167/178 MP: 17/17
 30415 | Snake:4  | Received a gift from Trog
 30498 | Snake:4  | Found a flickering gateway to a bazaar.
 30515 | Bazaar   | Entered a bazaar
 30517 | Bazaar   | Found Juudeg's Distillery.
 30521 | Bazaar   | Bought a potion of curing for 33 gold pieces
 30521 | Bazaar   | Bought a potion of ambrosia for 88 gold pieces
 30521 | Bazaar   | Bought a potion of heal wounds for 55 gold pieces
 30521 | Bazaar   | Found Ogeel's General Store.
 30521 | Bazaar   | Found Jieqaid's Antique Weapon Boutique.
 30521 | Bazaar   | Found Mazaluha's Weapon Boutique.
 30724 | Snake:4  | Noticed Donald
 30735 | Snake:4  | Killed Donald
 31091 | Snake:4  | Noticed Nikola
 31141 | Snake:4  | Killed Nikola
 31602 | Snake:4  | Received a gift from Trog
 31771 | Snake:4  | Got a serpentine rune of Zot
 32151 | Vaults:1 | Entered Level 1 of the Vaults
 32175 | Vaults:1 | Reached skill level 15 in Dodging
 32481 | Vaults:1 | Received a gift from Trog
 33213 | Vaults:1 | Reached XP level 19. HP: 177/191 MP: 18/18
 33224 | Vaults:1 | Found the +5 glaive of the Guard {elec, spectral, AC+5}
 33357 | Vaults:1 | Found Tomuith's Armour Shop.
 33699 | Vaults:2 | Found a runed translucent gate.
 33699 | Vaults:2 | Found a runed translucent gate.
 33699 | Vaults:2 | Found an ancient bone altar of Kikubaaqudgha.
 33699 | Vaults:2 | Found a runed translucent gate.
 33699 | Vaults:2 | Noticed a dread lich
 33699 | Vaults:2 | Noticed TuffENuff's ghost (veteran FoFi)
 33699 | Vaults:2 | Noticed an ancient lich
 33734 | Vaults:2 | Received a gift from Trog
 34525 | Vaults:2 | Found a staircase to the Crypt.
 34636 | Vaults:2 | Received a gift from Trog
 34914 | Vaults:3 | Found Teit's Jewellery Shop.
 34939 | Vaults:3 | Found Kopti's Armour Shop.
 34965 | Vaults:3 | Found Tefeotut's Weapon Emporium.
 34998 | Vaults:3 | Found Varuuh's Armour Shop.
 35053 | Vaults:3 | Found a flickering gateway to a bazaar.
 35069 | Bazaar   | Entered a bazaar
 35077 | Bazaar   | Found Post's Book Emporium.
 35077 | Bazaar   | Found Pugeid's Jewellery Shoppe.
 35121 | Vaults:3 | Noticed Margery
 35134 | Vaults:3 | Killed Margery
 35221 | Vaults:3 | Noticed Asterion
 35234 | Vaults:3 | Killed Asterion
 35395 | Vaults:3 | Bought the ring of Kaarimal {rElec rPois rC+} for 864 gold
                  | pieces
 35400 | Vaults:3 | Noticed Sojobo
 35419 | Vaults:3 | Killed Sojobo
 35623 | Vaults:3 | Identified the +7 falchion of Ugiunaif {protect, rC+}
 35900 | Vaults:3 | Received a gift from Trog
 35911 | Vaults:3 | Identified the +1 ring mail "Towneq" {rC+ Int+6}
 35922 | Vaults:3 | Reached XP level 20. HP: 200/204 MP: 19/19
 35927 | Vaults:3 | Identified the +1 robe "Onoluedi" {rF+ Str+2 Stlth+}
 35928 | Vaults:3 | Identified the +0 robe "Soyrhoin" {*Slow Str+5}
 36057 | Vaults:3 | Bought the +3 crown of Dyrovepreva {rElec Int+2 SInv} for
                  | 828 gold pieces
 36057 | Vaults:3 | Found the +3 crown of Dyrovepreva {rElec Int+2 SInv}
 36594 | Vaults:4 | Noticed Frederick
 36605 | Vaults:4 | Killed Frederick
 36703 | Vaults:4 | Reached skill level 10 in Evocations
 36992 | Vaults:4 | Received a gift from Trog
 37798 | Depths:1 | Paralysed by a floating eye for 4 turns
 37911 | Depths:1 | Found a gateway to Hell.
 37994 | Depths:1 | Found a one-way gate leading to the halls of Pandemonium.
 38060 | Depths:1 | Found a transporter.
 38062 | Depths:1 | Found a transporter.
 38066 | Depths:1 | Found a transporter.
 38420 | Depths:1 | Found a transporter.
 38535 | Depths:1 | Found a one-way gate to the infinite horrors of the Abyss.
 38757 | Depths:2 | Received a gift from Trog
 38892 | Depths:2 | Reached XP level 21. HP: 217/217 MP: 20/20
 39113 | Depths:2 | Found Cuxaorgho's General Store.
 39127 | Depths:2 | Found Geff's Magic Scroll Boutique.
 39194 | Depths:2 | Found Kisa's Distillery.
 39877 | Depths:2 | Noticed an ancient lich
 39884 | Depths:2 | Killed an ancient lich
 39886 | Depths:2 | Received a gift from Trog
 39903 | Depths:2 | Identified the amulet "Attyfoaf" {Reflect rC+ SH+5}
 40450 | Depths:3 | Found a corrupted altar of Lugonu.
 40493 | Depths:3 | Noticed Jory
 40501 | Depths:3 | Received a gift from Trog
 40510 | Depths:3 | Killed Jory
 40721 | Depths:3 | Found an ancient bone altar of Kikubaaqudgha.
 40947 | Depths:3 | Found a blossoming altar of Fedhas.
 41157 | Depths:4 | Entered Level 4 of the Depths
 41160 | Depths:4 | Noticed a golden dragon
 41169 | Depths:4 | Noticed a juggernaut
 41172 | Depths:4 | Killed a golden dragon
 41179 | Depths:4 | Killed a juggernaut
 41180 | Depths:4 | Reached XP level 22. HP: 232/232 MP: 21/21
 41249 | Depths:4 | Reached skill level 27 in Fighting
 41305 | Depths:4 | Received a gift from Trog
 41542 | Depths:4 | Found a hide-covered altar of Uskayaw.
 41658 | Depths:4 | Found a one-way gateway to a ziggurat.
 41837 | Depths:4 | Noticed a golden dragon
 41866 | Depths:4 | Killed a golden dragon
 41980 | Depths:4 | Noticed a golden dragon
 41990 | Depths:4 | Killed a golden dragon
 41995 | Depths:4 | Found a gate to the Realm of Zot.
 42341 | Depths:3 | Voluntarily entered the Abyss.
 42644 | Abyss:1  | Received a gift from Trog
 42792 | Abyss:1  | Found a corrupted altar of Lugonu.
 42887 | Abyss:1  | Found a corrupted altar of Lugonu.
 42931 | Abyss:1  | Found a corrupted altar of Lugonu.
 42989 | Abyss:1  | Found a transporter.
 42993 | Abyss:1  | Found a corrupted altar of Lugonu.
 42998 | Abyss:1  | Found a transporter.
 43136 | Abyss:1  | Identified the ring of Uwisodoa {rPois rF++ Str+4 Int+2
                  | Dex+2}
 43326 | Abyss:2  | Found a sacrificial altar of Ru.
 43328 | Abyss:2  | Found a sacrificial altar of Ru.
 43328 | Abyss:2  | Found a sacrificial altar of Ru.
 43376 | Abyss:3  | Found a corrupted altar of Lugonu.
 43387 | Abyss:3  | Identified the +7 war axe of Trog's Vengeance {heavy,
                  | Stlth+} (Trog gifted it to you on level 3 of the Abyss)
 43387 | Abyss:3  | Received a gift from Trog
 43423 | Abyss:3  | Found a corrupted altar of Lugonu.
 43426 | Abyss:3  | Found a corrupted altar of Lugonu.
 43558 | Abyss:3  | Gained mutation: You expend magic power (3 MP) to
                  | strengthen your wands. [a shining eye]
 43559 | Abyss:3  | Gained mutation: Armour fits poorly on your strangely
                  | shaped body. [a shining eye]
 43780 | Abyss:3  | Reached XP level 23. HP: 229/240 MP: 22/22
 43852 | Abyss:3  | Found a shadowy altar of Dithmenos.
 43982 | Abyss:3  | Received a gift from Trog
 44126 | Abyss:3  | Noticed a dread lich
 44136 | Abyss:3  | Killed a dread lich
 44273 | Abyss:3  | Received a gift from Trog
 44391 | Abyss:3  | Got an abyssal rune of Zot
 44406 | Abyss:3  | Gained mutation: You sometimes lose your temper in combat.
                  | [a neqoxec]
 44428 | Depths:3 | Escaped the Abyss
 44904 | Vaults:5 | Entered Level 5 of the Vaults
 44941 | Vaults:5 | Noticed a dread lich
 45090 | Vaults:5 | Identified the +3 leather armour "Mutrep" {-Cast Will+
                  | rCorr Dex+2}
 45156 | Vaults:5 | Received a gift from Trog
 45209 | Vaults:5 | Noticed a dread lich
 45209 | Vaults:5 | Identified the +5 scimitar of Gutephiq {venom, Will+}
 45273 | Vaults:5 | Reached XP level 24. HP: 88/244 MP: 22/22
 45516 | Vaults:5 | Received a gift from Trog
 45553 | Vaults:5 | Killed a dread lich
 45555 | Vaults:5 | Killed a dread lich
 45690 | Vaults:5 | Found the +3 greatsling "Punk" {acid, rCorr}
 45860 | Vaults:5 | Identified the staff of death "Jabb" {+Blink rN+ rCorr
                  | Str-4 Dex-4}
 46297 | Vaults:5 | Reached skill level 27 in Armour
 46341 | Vaults:5 | Identified the +0 scimitar of Plog {spect, rC+ rN++ Str-3
                  | SInv}
 46439 | Vaults:5 | Found Roed's Jewellery Shoppe.
 46456 | Vaults:5 | Found Yro Davea's Jewellery Boutique.
 46493 | Vaults:5 | Got a silver rune of Zot
 47071 | Orc:1    | Bought a pair of embroidered gloves for 247 gold pieces
 47089 | Orc:1    | Lost mutation: You sometimes lose your temper in combat.
                  | [potion of mutation]
 47089 | Orc:1    | Lost mutation: Armour fits poorly on your strangely shaped
                  | body. [potion of mutation]
 47089 | Orc:1    | Gained mutation: You are partially covered in large bone
                  | plates. (SH +4) [potion of mutation]
 47151 | Elf:1    | Entered Level 1 of the Elven Halls
 47161 | Elf:1    | Paralysed by an air elemental for 1 turns
 47474 | Elf:1    | Identified the +1 shortbow "Myklec" {flame, Str+5 Int-3
                  | Dex+10 Stlth+}
 47718 | Elf:1    | Reached skill level 15 in Evocations
 48013 | Elf:2    | Received a gift from Trog
 48076 | Elf:2    | Found a runed translucent gate.
 48076 | Elf:2    | Found a runed translucent gate.
 48076 | Elf:2    | Found a runed translucent gate.
 48292 | Elf:2    | Found a shimmering blue altar of Sif Muna.
 48634 | Elf:2    | Received a gift from Trog
 48944 | Elf:3    | Entered Level 3 of the Elven Halls
 48963 | Elf:3    | Found a magical portal.
 48968 | WizLab   | Entered Wucad Mu's Monastery
 49162 | WizLab   | Found the crystal ball of Wucad Mu {*channel}
 49212 | WizLab   | Reached XP level 25. HP: 257/257 MP: 22/22
 49361 | Elf:3    | Paralysed by an air elemental for 1 turns
 49647 | Elf:3    | Received a gift from Trog
 49684 | Elf:3    | Found Fuahios's Book Emporium.
 49684 | Elf:3    | Found Beireijigh's Jewellery Boutique.
 49685 | Elf:3    | Found Fuerph's Jewellery Boutique.
 49693 | Elf:3    | Bought the ring "Upiliq" {Will++ SInv} for 504 gold pieces
 49744 | Elf:3    | Paralysed by an air elemental for 1 turns
 49919 | Elf:3    | Noticed Mara
 49921 | Elf:3    | Identified the +11 great sword of the Beast {spect, Drain
                  | Dex+3}
 49925 | Elf:3    | Identified the ring "Jaimatof" {Drain rElec EV+5 Dex+3
                  | Slay+3}
 49932 | Elf:3    | Reached XP level 26. HP: 221/246 MP: 22/22
 49934 | Elf:3    | Identified the +2 double sword "Undertaker" {pain, Str+2}
 49955 | Elf:3    | Noticed Teneria's illusion
 49958 | Elf:3    | Identified the staff of cold "Guhoyr" {rF+ rC+ rCorr}
 49969 | Elf:3    | Noticed Teneria's illusion
 49975 | Elf:3    | Killed Mara
 50157 | Elf:3    | Paralysed by an air elemental for 1 turns
 50205 | Elf:3    | Identified the staff of death "Kebemax" {Drain rN+ Will++
                  | Int+3}
 50207 | Elf:3    | Identified the +1 rapier of Tension {speed, Will+}
 50237 | Elf:3    | Identified the +1 falchion "Siogg" {heavy, Will+ rCorr
                  | Str-5 Dex+5}
 50268 | Elf:3    | Identified the amulet "Anumue Heumy" {Spirit rCorr MP-9
                  | Int+2}
 50270 | Elf:3    | Identified the staff of poison "Mekhluji" {rPois rC+ Int+3
                  | SInv}
 50271 | Elf:3    | Identified the staff of conjuration "Raris" {Dex+3}
 50487 | Elf:3    | Bought the ring of Lykaics {rN++ EV+5 Slay+3} for 859 gold
                  | pieces
 50823 | Slime:1  | Entered Level 1 of the Pits of Slime
 50849 | Slime:2  | Received a gift from Trog
 50944 | Slime:4  | Noticed Dissolution
 50950 | Slime:4  | Killed Dissolution
 50974 | Slime:5  | Entered Level 5 of the Pits of Slime
 51291 | Slime:5  | Noticed the Royal Jelly
 51309 | Slime:5  | Killed the Royal Jelly
 51392 | Slime:5  | Found the +18 shield of the Gong {Loud rN+ Will+ rCorr
                  | EV-5}
 51393 | Slime:5  | Found the necklace of Bloodlust {Fury *Rage Will++ Int-3
                  | Slay+6}
 51412 | Slime:5  | Identified the +1 buckler "Kecoesh" {rF- Will+ Dex+3
                  | Slay+3}
 51434 | Slime:5  | Got a slimy rune of Zot
 51454 | Slime:5  | Identified the ring "Werot" {Wiz rPois rCorr}
 51479 | Slime:5  | Identified the +7 mace of Bellicose Expedience {flame, rC+}
 51541 | Slime:2  | Received a gift from Trog
 51542 | Slime:2  | Gained mutation: Your magical capacity is low. (-10% MP) [a
                  | shining eye]
 51828 | Vaults:2 | Killed an ancient lich
 51832 | Vaults:2 | Killed a dread lich
 51834 | Vaults:2 | Killed TuffENuff's ghost
 51842 | Vaults:2 | Identified the +2 helmet of Henotheism {+Inv Str+3}
 51849 | Vaults:2 | Identified the ring of Igis {Ice Str+2 Int+3}
 52552 | Zot:1    | Entered Level 1 of the Realm of Zot
 53092 | Zot:1    | Received a gift from Trog
 53107 | Zot:1    | Noticed Grunn
 53117 | Zot:1    | Killed Grunn
 53489 | Zot:1    | Noticed an orb of fire
 53489 | Zot:1    | Gained mutation: Your spells are a little easier to cast,
                  | but a little less powerful. [an orb of fire]
 53501 | Zot:1    | Killed an orb of fire
 53728 | Zot:2    | Reached XP level 27. HP: 259/273 MP: 19/19
 54330 | Zot:2    | You fall into a shaft and drop 2 floors!
 54622 | Zot:4    | Received a gift from Trog
 55237 | Zot:2    | Noticed an orb of fire
 55239 | Zot:2    | Gained mutation: You sometimes lose your temper in combat.
                  | [an orb of fire]
 55249 | Zot:2    | Killed an orb of fire
 55915 | Zot:3    | Received a gift from Trog
 56190 | Zot:3    | Noticed an orb of fire
 56199 | Zot:3    | Killed an orb of fire
 56279 | Zot:3    | Acquired 1018 gold pieces
 56316 | Zot:3    | Found the ring of the Mage {Wiz Archmagi}
 56475 | Zot:3    | Identified the +12 mace of the Shore {freeze, Dex+4}
 56756 | Zot:4    | Noticed an orb of fire
 56767 | Zot:4    | Gained mutation: Potions are less effective at restoring
                  | your health. [an orb of fire]
 56771 | Zot:4    | Gained mutation: You occasionally lose the ability to drink
                  | potions when taking damage. [an orb of fire]
 56776 | Zot:4    | Killed an orb of fire
 56810 | Zot:4    | Noticed an orb of fire
 56812 | Zot:4    | Gained mutation: You do not regenerate when monsters are
                  | visible. [an orb of fire]
 56816 | Zot:4    | Killed an orb of fire
 57651 | Zot:5    | Entered Level 5 of the Realm of Zot
 57945 | Zot:5    | Noticed an orb of fire
 57945 | Zot:5    | Noticed an orb of fire
 57953 | Zot:5    | Noticed an orb of fire
 57957 | Zot:5    | Killed an orb of fire
 57957 | Zot:5    | Received a gift from Trog
 57960 | Zot:5    | Noticed an orb of fire
 57964 | Zot:5    | Gained mutation: You are vulnerable to heat. (rF-) [an orb
                  | of fire]
 58146 | Zot:5    | Gained mutation: Your magical capacity is very low. (-20%
                  | MP) [an orb of fire]
 58155 | Zot:4    | Killed an orb of fire
 58316 | Zot:4    | Lost mutation: You are partially covered in large bone
                  | plates. (SH +4) [potion of mutation]
 58316 | Zot:4    | Lost mutation: You expend magic power (3 MP) to strengthen
                  | your wands. [potion of mutation]
 58317 | Zot:4    | Lost mutation: You occasionally lose the ability to drink
                  | potions when taking damage. [potion of mutation]
 58317 | Zot:4    | Lost mutation: You do not regenerate when monsters are
                  | visible. [potion of mutation]
 58317 | Zot:4    | Gained mutation: You are agile. (Dex +4, Str/Int -1)
                  | [potion of mutation]
 58317 | Zot:4    | Lost mutation: Your magical capacity is very low. (-20% MP)
                  | [potion of mutation]
 58318 | Zot:4    | Lost mutation: You sometimes lose your temper in combat.
                  | [potion of mutation]
 58318 | Zot:4    | Lost mutation: You are agile. (Dex +4, Str/Int -1) [potion
                  | of mutation]
 58318 | Zot:4    | Lost mutation: Your magical capacity is low. (-10% MP)
                  | [potion of mutation]
 58318 | Zot:4    | Gained mutation: You are dopey. (Int -2) [potion of
                  | mutation]
 58318 | Zot:4    | Lost mutation: You are vulnerable to heat. (rF-) [potion of
                  | mutation]
 58318 | Zot:4    | Gained mutation: You are agile. (Dex +4, Str/Int -1)
                  | [potion of mutation]
 58440 | Zot:5    | Gained mutation: You occasionally lose the ability to drink
                  | potions when taking damage. [an orb of fire]
 58450 | Zot:5    | Killed an orb of fire
 58457 | Zot:5    | Noticed an ancient lich
 58465 | Zot:4    | Killed an orb of fire
 58568 | Zot:5    | Killed an ancient lich
 58748 | Zot:5    | Noticed an ancient lich
 58755 | Zot:5    | Noticed an ancient lich
 58758 | Zot:5    | Killed an ancient lich
 58765 | Zot:5    | Killed an ancient lich
 58873 | Zot:5    | Noticed an ancient lich
 58882 | Zot:5    | Killed an ancient lich
 58888 | Zot:5    | Noticed a dread lich
 58896 | Zot:5    | Killed a dread lich
 59011 | Zot:5    | Noticed a dread lich
 59124 | Zot:5    | Noticed a dread lich
 59137 | Zot:5    | Killed a dread lich
 59278 | Zot:5    | Received a gift from Trog
 59323 | Zot:5    | Killed a dread lich
 59426 | Zot:5    | Got the Orb of Zot
 59535 | Zot:5    | Gained mutation: You are vulnerable to heat. (rF-)
                  | [mutagenic glow]
 59554 | Zot:5    | Gained mutation: You occasionally shout uncontrollably at
                  | your foes. [mutagenic glow]
 59589 | Zot:4    | Gained mutation: You have hidden genetic defects.
                  | [mutagenic glow]
 59678 | Zot:1    | Noticed Peyssyim the pandemonium lord
 59691 | Zot:1    | Killed Peyssyim the pandemonium lord
 60212 | D:4      | Noticed Anlou the pandemonium lord
 60230 | D:4      | Killed Anlou the pandemonium lord
 60339 | D:$      | Escaped with the Orb!

Illustrated notes

Levels and vault maps discovered:
D:1:      kennysheep_arrival_forest, layout_loops_corners,
          basic_ecumenical_altar, serial_bayou, serial_bayou_pond_e,
          serial_bayou_pond_a, serial_bayou_pond_d, serial_bayou_pond_c,
          serial_bayou_pond_a
D:2:      layout_basic, uniq_crazy_yiuf_cottage
D:3:      layout_basic, gammafunk_temple_overflow_elements, uniq_grinder
D:4:      layout_cave_pods
D:5:      layout_loops_corners, nicolae_dithmenos_through_a_glass_darkly,
          chequers_jeans, uniq_menkaure, uniq_ijyb
D:6:      layout_loops_cross, minmay_temple_entry_antechambers, minmay_bent
D:7:      layout_rooms, overflow_temple_1_default,
          gammafunk_temple_overflow_pools, enter_bailey_5, water_boxes_lemuel
D:8:      layout_basic, minmay_liquid_box
D:9:      wad_lake_hut, layout_loops_ring, hiddenorc2_lemuel,
          biasface_ghost_orc_armoury, minmay_crystal_room
D:10:     layout_layer_cave, serial_shops, shop, grunt_ministairs_13,
          nicolae_shop_vocational
D:11:     layout_basic, david_lair_shrubbed
D:12:     layout_rooms, enter_trove_2
D:13:     layout_stronghold, erik_vaults_1
D:14:     layout_layer_cave, tso_metal_star, slow_altar_1
D:15:     gammafunk_depths_entry_grave, layout_cave_pods, doesnt_xom_only_xom
Lair:1:   layout_hall_layers, gammafunk_ghost_split, minmay_lair_oklob_bushes,
          pdpol_lair_cavern_descent
Lair:2:   beargit_carnivore_pack, layout_concentric_octagons,
          minmay_snake_entry_six_corridors, beast_lair_carwin_8
Lair:3:   layout_roguey, swamp_mist_pool
Lair:4:   layout_regular_city, dpeg_slime_entry_enclosed,
          portal_ice_cave_entry_imps, serial_rivers,
          chequers_serial_rivers_micro_d, chequers_serial_rivers_micro_c,
          chequers_serial_rivers_room_a, chequers_serial_rivers_micro_b,
          fungi_pond_lemuel
Lair:5:   due_jungle_book, layout_long_grid, grunt_megastairs_3
Swamp:1:  nicolae_swamp_wrong_neighborhood, layout_falls_marsh,
          evilmike_swamp_ruin_house_5, swamp_pool1
Swamp:2:  layout_basic_swamp, evilmike_swamp_ruin_house_2, swamp_pool1
Swamp:3:  layout_basic_swamp, serial_swamp_ruin, evilmike_swamp_ruin_house_1,
          evilmike_swamp_ruin_rubble_2, swamp_pool5
Swamp:4:  swamp, layout_basic_swamp, swamp_pool5, nicolae_swamp_rocky_clearing
Snake:1:  layout_misc_corridors, nicolae_shop_unique_rings, grunt_ministairs_15,
          uniq_kirke, uniq_frances, uniq_louise
Snake:2:  layout_misc_corridors
Snake:3:  nicolae_snake_nest, layout_rooms, serial_bayou_shore_a, uniq_vashnia,
          uniq_aizul, uniq_bai_suzhen, uniq_mlioglotl
Snake:4:  snake_pit, layout_misc_corridors, serial_shops, bzr_entry_lakeside,
          grunt_megastairs_2, serial_bayou_shore_b, uniq_nikola, uniq_donald
Slime:1:  layout_caves
Slime:2:  layout_caves
Slime:3:  layout_caves
Slime:4:  cheibrodos_slime_lost_civilization_1, layout_caves,
          dissolution_awaits, uniq_dissolution
Slime:5
Orc:1:    layout_diamond_mine, serial_shops, shop, nicolae_shop_trees,
          nicolae_shop_bloodbath_and_beyond, nicolae_shop_waterfront, shop,
          basic_altar, ebering_ghost_disaster_area, uniq_erolcha
Orc:2:    st_orc_open, layout_diamond_mine, mines2_david
Elf:1:    nicolae_elf_arrival_aired_out, layout_loops_cross, serial_glass,
          glass_columns_a, glass_columns_c, due_unseen_surprise,
          hangedman_elf_represent
Elf:2:    nicolae_elf_blades_splatter_lattice
          [nicolae_blade_entry_area_security], layout_onion_city, basic_altar
Elf:3:    grunt_elf_hall_branching, layout_gridlike, mu_enter_wizlab_2,
          solitary_fountain, minmay_shop_grove, uniq_mara
Vaults:1: nicolae_vaults_taking_the_gang_shopping, nicolae_vaults_mitosis,
          hangedman_vaults_variations, vaults_standard_mumra_lines, v_pattern_5,
          nicolae_vaults_apartment_1, nicolae_vaults_door_testing_chamber,
          minmay_guarded_unrand_guard_vaults,
          nicolae_vaults_trapezoid_lopsided_3, layout_vaults_chaotic_city
Vaults:2: gammafunk_ghost_crypt, nicolae_vaults_prndl, hangedman_vaults_locks,
          hangedman_vaults_slice, nicolae_vaults_trapezoid_lopsided_2,
          nicolae_vaults_alarming, ontoclasm_vaults_shout,
          minmay_crypt_entry_simple_box, v_rooms_3, v_misc_17,
          layout_vaults_omnibox
Vaults:3: nicolae_vaults_storage_closets_1, nicolae_vaults_house_2,
          vaults_dpeg_cross, nicolae_vaults_double_plus_2,
          nicolae_vaults_frosty_reception, v_misc_5,
          nicolae_vaults_angled_halls, nicolae_vaults_storing_the_good_stuff,
          layout_vaults_omnicross, serial_shops, freezing_bzr,
          nicolae_shop_temple_entry_statues_fountains, shop, shop, shop,
          uniq_asterion, uniq_margery, uniq_sojobo
Vaults:4: nicolae_vaults_little_squares_3, vaults_mumra_minichess_inversion,
          nicolae_vaults_tetromino_Z_2, nicolae_vaults_crenellated_ambush,
          layout_vaults_omnigrid, uniq_frederick
Vaults:5: serial_shops
Depths:1: layout_cave_shapes, serial_bayou_pond_b, hangedman_abyss_entry_splay,
          grunt_pan_entry_in_and_out, hell_entry, nicolae_transporter_circle
Depths:2: cheibrodos_cascadia, layout_long_grid, pan_entry,
          amcnicky_mini_pool_small, serial_shops, shop, shop,
          nicolae_shop_real_fake_doors, pf_vacation_house_of_asmodeus,
          ice2_lemuel
Depths:3: lemuel_vampire_tower, layout_long_grid, abyss_entry_flame_altar,
          hell_entry, fedhas_altar_2, minmay_three_doors
Depths:4: grunt_zot_entry_gee_three, layout_cave_pools, enter_ziggurat_d,
          nicolae_uskayaw_suspiria, hell_entry
Zot:1:    layout_gridville, uniq_grunn
Zot:2:    layout_misc_corridors
Zot:3:    lemuel_draconian_sentries_small, layout_basic,
          hangedman_player_shredder
Zot:4:    layout_misc_corridors, st_small_dragon_hoard_4, zot_minivault_4
Zot:5:    layout_misc_corridors

Skill      XL: |  1  2  3  4  5  6  7  8  9 10 11 12 13 14 15 16 17 18 19 20 21 22 23 24 25 26 27 |
---------------+----------------------------------------------------------------------------------+-----
Axes           | 4 6 7 9 11 13 14 16 17 18 20 24 | 24.8
Fighting       | 4 5 6 7 8 9 10 12 14 15 17 18 20 21 23 25 26 27 | 27.0
Armour         | 3 4 5 6 8 9 10 12 13 15 16 18 19 20 21 22 23 25 26 27 | 27.0
Dodging        | 3 4 5 6 7 8 9 11 13 14 15 18 22 | 22.1
Evocations     | 1 4 5 7 9 10 12 16 17 18 21 | 21.5
Shields        | 6 11 15 16 18 19 20 21 23 25 | 25.0
Polearms       | 2 |  2.1

Action                     |  1- 3 |  4- 6 |  7- 9 | 10-12 | 13-15 | 16-18 | 19-21 | 22-24 | 25-27 || total
---------------------------+-------+-------+-------+-------+-------+-------+-------+-------+-------++-------
  Melee: Hand axe          |    69 |    89 |   313 |   722 |     5 |    14 |       |       |       ||  1212
         Headbutt          |    12 |    15 |    50 |   157 |   163 |   261 |   333 |   366 |   396 ||  1753
         Punch             |       |     3 |     2 |     4 |       |       |       |       |       ||     9
         Broad axe         |       |       |       |    27 |   638 |   926 |   958 |  1171 |  1192 ||  4912
  Throw: Throwing net      |       |       |       |     2 |       |       |       |       |       ||     2
         Dart              |       |       |       |       |       |     1 |       |       |       ||     1
 Invoke: Berserk           |     1 |     2 |    11 |     9 |     5 |     3 |     3 |       |     2 ||    36
         Trog's Hand       |       |       |     4 |     3 |     3 |     4 |     3 |    14 |     9 ||    40
         Brothers in Arms  |       |       |       |     2 |       |     6 |     1 |     3 |     8 ||    20
  Evoke: Wand              |       |       |       |       |       |     2 |       |       |     4 ||     6
    Use: Scroll            |     3 |     4 |    14 |     3 |    18 |     6 |     4 |     6 |    15 ||    73
         Potion            |       |       |     1 |     2 |     2 |     4 |       |    12 |     8 ||    29
   Stab: Distracted        |       |       |       |       |    10 |    10 |    10 |    24 |    30 ||    84
         Invisible         |       |       |       |       |     1 |       |       |     9 |       ||    10
         Petrified         |       |       |       |       |     8 |       |       |     1 |       ||     9
         Petrifying        |       |       |       |       |       |       |       |     1 |       ||     1
         Confused          |       |       |       |       |       |       |       |       |     1 ||     1
 Armour: Animal skin       |     7 |       |       |       |       |       |       |       |       ||     7
         Ring mail         |    18 |       |       |       |       |       |       |       |       ||    18
         Scale mail        |     3 |    33 |   102 |       |       |       |       |       |       ||   138
         Chain mail        |       |       |    43 |       |       |       |       |       |       ||    43
         Crystal plate arm |       |       |    10 |   440 |   296 |   444 |   322 |     4 |       ||  1516
         Gold dragon scale |       |       |       |       |       |       |       |   350 |   332 ||   682
  Dodge: Dodged            |    55 |    41 |   217 |   182 |   211 |   401 |   278 |   316 |   407 ||  2108
  Block: Kite shield       |       |       |       |   188 |   374 |   267 |       |       |       ||   829
         Tower shield      |       |       |       |       |       |   431 |   680 |   941 |   958 ||  3010
